MLB
SAN FRANCISCO GIANTS @ ST. LOUIS CARDINALS
09/05/2019
 
TOP OF THE 1ST
San Francisco Giants batting - Pitching for St. Louis Cardinals : RHP Chris Bassitt
Pitching: RHP Chris Bassitt
Batting: RHB Jose Iglesias 0-0: Bunt for hit to 23 - play at first, batter OUT! 3-4
Batting: LHB Tyler Naquin 0-0: Swinging Strike
0-1: Ball
1-1: Foul Ball, location: 2F
1-2: Ball
2-2: Ground out U3 (Groundball, 34, EV 83.1 MPH)
Batting: SHB Yasmani Grandal 0-0: Ground out 4-3 (Groundball, 4, EV 91.3 MPH)
Top of the 1st over - 0 runs, 0 hits, 0 errors, 0 left on base; San Francisco 0 - St. Louis 0
BOTTOM OF THE 1ST
St. Louis Cardinals batting - Pitching for San Francisco Giants : RHP Pablo Lopez
Pitching: RHP Pablo Lopez
Batting: SHB Ozzie Albies 0-0: Ball
1-0: Bunt - Flyout to 15! F1
Batting: RHB Hernan Perez 0-0: Ball
1-0: Bunt for hit to 13 - play at first, batter OUT! 1-3
Batting: RHB Jose Alberto Martinez 0-0: Swinging Strike
0-1: Ball
1-1: Foul Ball, location: 2F
1-2: Foul Ball, location: 2F
1-2: Foul Ball, location: 2F
1-2: Ball
2-2: Strikes out swinging
Bottom of the 1st over - 0 runs, 0 hits, 0 errors, 0 left on base; San Francisco 0 - St. Louis 0
TOP OF THE 2ND
San Francisco Giants batting - Pitching for St. Louis Cardinals : RHP Chris Bassitt
Batting: LHB Kyle Schwarber 0-0: Called Strike
0-1: Ball
1-1: Ball
2-1: Foul Ball, location: 2F
2-2: Ball
3-2: Foul Ball, location: 2F
3-2: Fly out, F7 (Flyball, 7S, EV 95.0 MPH)
Batting: LHB Anthony Rizzo 0-0: Ball
1-0: Called Strike
1-1: Ball
2-1: Swinging Strike
2-2: Ball
3-2: Fly out, F9 (Flyball, 9, EV 90.6 MPH)
Batting: LHB Kyle Seager 0-0: Called Strike
0-1: Ball
1-1: Ground out U3 (Groundball, 3L, EV 110.6 MPH)
Top of the 2nd over - 0 runs, 0 hits, 0 errors, 0 left on base; San Francisco 0 - St. Louis 0
BOTTOM OF THE 2ND
St. Louis Cardinals batting - Pitching for San Francisco Giants : RHP Pablo Lopez
Batting: LHB Matt Olson 0-0: Called Strike
0-1: Ball
1-1: Ball
2-1: Foul Ball, location: 2F
2-2: Foul Ball, location: 2F
2-2: Foul Ball, location: 2F
2-2: Foul Ball, location: 2F
2-2: Ball
3-2: Base on Balls
Batting: LHB Alex Avila 0-0: Ball
1-0: Called Strike
1-1: Ball
2-1: SINGLE (Flyball, 8RS, EV 98.1 MPH)
Matt Olson to second
Runner from 2nd tries for 3rd, SAFE, throw by CF made to third
Batting: LHB Brett Phillips 0-0: Ball
1-0: Swinging Strike
1-1: Ball
2-1: Ball
3-1: Fly out, F8 (Flyball, 78D, EV 96.3 MPH)
Runner from 3rd tags up, SCORES, throw by CF
Batting: RHB Harrison Bader 0-0: Swinging Strike
0-1: Foul Ball, location: 2F
0-2: Ball
1-2: Strikes out swinging
Batting: RHB Yan Gomes 0-0: Ball
1-0: Ball
2-0: Ball
3-0: Called Strike
3-1: Called Strike
3-2: Strikes out swinging
Bottom of the 2nd over - 1 run, 1 hit, 0 errors, 1 left on base; San Francisco 0 - St. Louis 1
TOP OF THE 3RD
San Francisco Giants batting - Pitching for St. Louis Cardinals : RHP Chris Bassitt
Batting: RHB Dustin Pedroia 0-0: Ball
1-0: Ball
2-0: Ball
3-0: Base on Balls
Batting: LHB Carlos Gonzalez 0-0: Ball
1-0: Called Strike
1-1: Ball
2-1: Swinging Strike
2-2: Fly out, F6 (Popup, P, EV 86.9 MPH)
Batting: LHB Pablo Lopez 0-0: Sac Bunt to 5S - play at second, runner OUT! 5-6
Batting: RHB Jose Iglesias 0-0: SINGLE (Line Drive, 56D, EV 95.6 MPH)
Pablo Lopez to second
Batting: LHB Tyler Naquin 0-0: Called Strike
0-1: Fly out, F8 (Flyball, 8RM, EV 77.5 MPH)
Top of the 3rd over - 0 runs, 1 hit, 0 errors, 2 left on base; San Francisco 0 - St. Louis 1
BOTTOM OF THE 3RD
St. Louis Cardinals batting - Pitching for San Francisco Giants : RHP Pablo Lopez
Batting: RHB Chris Bassitt 0-0: Foul Ball, location: 2F
0-1: Ball
1-1: Ball
2-1: Ball
3-1: Fly out, F3 (Line Drive, 3, EV 69.4 MPH)
Batting: SHB Ozzie Albies 0-0: Ball
1-0: Fly out, F9 (Flyball, 89S, EV 93.8 MPH)
Batting: RHB Hernan Perez 0-0: Ball
1-0: Fly out, F7 (Flyball, 7, EV 82.5 MPH)
Bottom of the 3rd over - 0 runs, 0 hits, 0 errors, 0 left on base; San Francisco 0 - St. Louis 1
TOP OF THE 4TH
San Francisco Giants batting - Pitching for St. Louis Cardinals : RHP Chris Bassitt
Batting: SHB Yasmani Grandal 0-0: Foul Ball, location: 2F
0-1: Fly out, F7 (Flyball, 7LMF, EV 76.9 MPH)
Batting: LHB Kyle Schwarber 0-0: Ball
1-0: Ball
2-0: Ball
3-0: Base on Balls
Batting: LHB Anthony Rizzo 0-0: Ball
1-0: Swinging Strike
1-1: Foul Ball, location: 2F
1-2: Ball
2-2: Ball
3-2: Base on Balls
Kyle Schwarber to second
Batting: LHB Kyle Seager 0-0: Ball
1-0: Foul Ball, location: 2F
1-1: Swinging Strike
1-2: Ball
2-2: Strikes out looking
Batting: RHB Dustin Pedroia 0-0: Ball
1-0: Swinging Strike
1-1: Called Strike
1-2: Foul Ball, location: 2F
1-2: Foul Ball, location: 2F
1-2: Strikes out swinging
Top of the 4th over - 0 runs, 0 hits, 0 errors, 2 left on base; San Francisco 0 - St. Louis 1
BOTTOM OF THE 4TH
St. Louis Cardinals batting - Pitching for San Francisco Giants : RHP Pablo Lopez
Batting: RHB Jose Alberto Martinez 0-0: Ball
1-0: Ball
2-0: Swinging Strike
2-1: Called Strike
2-2: DOUBLE (Line Drive, 9LM, EV 106.3 MPH) - OUT at third base trying to stretch hit.
Batting: LHB Matt Olson 0-0: Ball
1-0: Ball
2-0: Fly out, F7 (Flyball, 7, EV 83.8 MPH)
Batting: LHB Alex Avila 0-0: Ball
1-0: Swinging Strike
1-1: Ball
2-1: Called Strike
2-2: Strikes out swinging
Bottom of the 4th over - 0 runs, 1 hit, 0 errors, 0 left on base; San Francisco 0 - St. Louis 1
TOP OF THE 5TH
San Francisco Giants batting - Pitching for St. Louis Cardinals : RHP Chris Bassitt
Batting: LHB Carlos Gonzalez 0-0: DOUBLE (Line Drive, 8LXD, EV 106.9 MPH)
Batting: LHB Pablo Lopez 0-0: Ball
1-0: Sac Bunt to 2R - play at third, runner OUT! 2-5
Batting: RHB Jose Iglesias 0-0: Called Strike
0-1: Ball
1-1: Swinging Strike
1-2: Strikes out looking
Batting: LHB Tyler Naquin 0-0: Ball
1-0: Called Strike
1-1: DOUBLE (Line Drive, 78D, EV 104.4 MPH)
Pablo Lopez to third
Runner from 3rd tries for Home, SAFE, throw by LF to trailing runner, OUT at third! 7-6-5
Top of the 5th over - 1 run, 2 hits, 0 errors, 0 left on base; San Francisco 1 - St. Louis 1
BOTTOM OF THE 5TH
St. Louis Cardinals batting - Pitching for San Francisco Giants : RHP Pablo Lopez
Batting: LHB Brett Phillips 0-0: Ball
1-0: Ball
2-0: Ball
3-0: Fly out, F9 (Flyball, 9, EV 81.9 MPH)
Batting: RHB Harrison Bader 0-0: Ball
1-0: Foul Ball, location: 2F
1-1: Ground out 4-3 (Groundball, 4, EV 87.5 MPH)
Batting: RHB Yan Gomes 0-0: Swinging Strike
0-1: Ball
1-1: Foul Ball, location: 2F
1-2: Foul Ball, location: 2F
1-2: Foul Ball, location: 2F
1-2: Fly out, F7 (Flyball, 78M, EV 83.1 MPH)
Bottom of the 5th over - 0 runs, 0 hits, 0 errors, 0 left on base; San Francisco 1 - St. Louis 1
TOP OF THE 6TH
San Francisco Giants batting - Pitching for St. Louis Cardinals : RHP Chris Bassitt
Batting: SHB Yasmani Grandal 0-0: Called Strike
0-1: Fly out, F8 (Line Drive, 8RM, EV 100.0 MPH)
Pitching: RHP Zac Reininger
Batting: LHB Kyle Schwarber 0-0: Ball
1-0: Ball
2-0: Ball
3-0: Called Strike
3-1: Called Strike
3-2: SOLO HOME RUN (Flyball, 89XD, EV 101.3 MPH), Distance : 380 ft
Batting: LHB Anthony Rizzo 0-0: Called Strike
0-1: Swinging Strike
0-2: Hit by Pitch
Batting: LHB Kyle Seager 0-0: Ball
1-0: Called Strike
1-1: Ball
2-1: Foul Ball, location: 2F
2-2: Fly out, F9 (Flyball, 9, EV 98.1 MPH)
Batting: RHB Dustin Pedroia 0-0: Fly out, F9 (Flyball, 9, EV 81.9 MPH)
Top of the 6th over - 1 run, 1 hit, 0 errors, 1 left on base; San Francisco 2 - St. Louis 1
BOTTOM OF THE 6TH
St. Louis Cardinals batting - Pitching for San Francisco Giants : RHP Pablo Lopez
Batting: SHB Zac Reininger 0-0: Ball
1-0: Ball
2-0: Called Strike
2-1: Ball
3-1: Called Strike
3-2: Base on Balls
Batting: SHB Ozzie Albies 0-0: Ball
1-0: Ball
2-0: SINGLE (Groundball, 3, EV 85.0 MPH) (infield hit)
Zac Reininger to second
Batting: RHB Hernan Perez 0-0: Fielders Choice at 2nd, 6-4 (Groundball, 56, EV 103.8 MPH)
Zac Reininger to third
Batting: RHB Jose Alberto Martinez 0-0: Called Strike
0-1: Ball
1-1: Ball
2-1: Called Strike
2-2: Strikes out swinging
Pitching: RHP Carlos Alejandro Ramirez
Now at 2B: Yairo Munoz
Batting: LHB Matt Olson 0-0: Ball
1-0: Ground out 3-1 (Groundball, 3, EV 78.1 MPH)
Bottom of the 6th over - 0 runs, 1 hit, 0 errors, 2 left on base; San Francisco 2 - St. Louis 1
TOP OF THE 7TH
San Francisco Giants batting - Pitching for St. Louis Cardinals : RHP Zac Reininger
Batting: LHB Carlos Gonzalez 0-0: Ball
1-0: Swinging Strike
1-1: Ball
2-1: Fly out, F8 (Flyball, 8LS, EV 84.4 MPH)
Batting: RHB Yairo Munoz 0-0: Swinging Strike
0-1: Called Strike
0-2: Ball
1-2: Ball
2-2: Ball
3-2: Base on Balls
Batting: RHB Jose Iglesias 0-0: Ball
Wild Pitch!
Yairo Munoz to second
1-0: Swinging Strike
1-1: Foul Ball, location: 2F
1-2: Ball
2-2: Ball
3-2: Ground out 6-3 (Groundball, 6, EV 93.8 MPH)
Yairo Munoz to third
Batting: LHB Tyler Naquin 0-0: Swinging Strike
0-1: Swinging Strike
0-2: Ball
1-2: Strikes out swinging
Top of the 7th over - 0 runs, 0 hits, 0 errors, 1 left on base; San Francisco 2 - St. Louis 1
BOTTOM OF THE 7TH
St. Louis Cardinals batting - Pitching for San Francisco Giants : RHP Carlos Alejandro Ramirez
Batting: LHB Alex Avila 0-0: Ball
1-0: Ground out 4-3 (Groundball, 4, EV 87.5 MPH)
Batting: LHB Brett Phillips 0-0: Called Strike
0-1: Foul Ball, location: 2F
0-2: Strikes out swinging
Batting: RHB Harrison Bader 0-0: SOLO HOME RUN (Flyball, 8LXD, EV 106.3 MPH), Distance : 416 ft
Batting: RHB Yan Gomes 0-0: Ball
1-0: Called Strike
1-1: Fly out, F9 (Flyball, 9, EV 89.4 MPH)
Bottom of the 7th over - 1 run, 1 hit, 0 errors, 0 left on base; San Francisco 2 - St. Louis 2
TOP OF THE 8TH
San Francisco Giants batting - Pitching for St. Louis Cardinals : RHP Zac Reininger
Pitching: RHP Marcos Diplan
Batting: SHB Yasmani Grandal 0-0: Ball
1-0: Called Strike
1-1: Foul Ball, location: 2F
1-2: Ball
2-2: Ball
3-2: Base on Balls
Batting: LHB Kyle Schwarber 0-0: Swinging Strike
0-1: Swinging Strike
0-2: Ball
1-2: Ball
2-2: Foul Ball, location: 2F
2-2: Ball
3-2: Base on Balls
Yasmani Grandal to second
Batting: LHB Anthony Rizzo 0-0: Called Strike
0-1: Ball
1-1: Foul Ball, location: 2F
1-2: Fly out, F4 (Popup, 23, EV 91.3 MPH)
Batting: LHB Kyle Seager 0-0: 3-RUN HOME RUN (Flyball, 89XD, EV 111.9 MPH), Distance : 393 ft
Pinch Hitting: RHB Austin Slater 0-0: Ball
1-0: Ball
2-0: Foul Ball, location: 2F
2-1: Swinging Strike
2-2: Ball
3-2: Fly out, F9 (Line Drive, 9D, EV 93.1 MPH)
Pitching: RHP Erick Fedde
Batting: LHB Carlos Gonzalez 0-0: Foul Ball, location: 2F
0-1: SINGLE (Line Drive, 6MD, EV 93.8 MPH)
Batting: RHB Yairo Munoz 0-0: Ball
1-0: Called Strike
1-1: Called Strike
1-2: SINGLE (Line Drive, 4MD, EV 97.5 MPH)
Carlos Gonzalez to second
Batting: RHB Jose Iglesias 0-0: Called Strike
0-1: SINGLE (Groundball, 56D, EV 98.8 MPH)
Carlos Gonzalez to third
Yairo Munoz to second
Runner from 3rd tries for Home, SAFE, throw by LF to home
Batting: LHB Tyler Naquin 0-0: Called Strike
0-1: Ball
1-1: SINGLE (Line Drive, 7LS, EV 111.9 MPH)
Yairo Munoz to third
Jose Iglesias to second
Batting: SHB Yasmani Grandal 0-0: Ball
1-0: Ball
Wild Pitch!
Yairo Munoz scores
Jose Iglesias to third
Tyler Naquin to second
2-0: Called Strike
2-1: Foul Ball, location: 2F
2-2: Foul Ball, location: 2F
2-2: Foul Ball, location: 2F
2-2: Strikes out looking
Top of the 8th over - 5 runs, 5 hits, 0 errors, 2 left on base; San Francisco 7 - St. Louis 2
BOTTOM OF THE 8TH
St. Louis Cardinals batting - Pitching for San Francisco Giants : RHP Carlos Alejandro Ramirez
Pitching: LHP Tony Watson
Batting: RHB Erick Fedde 0-0: Ground out 3-1 (Groundball, 34, EV 107.5 MPH)
Batting: SHB Ozzie Albies 0-0: Called Strike
0-1: Called Strike
0-2: Ground out 6-3 (Groundball, 6M, EV 91.3 MPH)
Batting: RHB Hernan Perez 0-0: Called Strike
0-1: Foul Ball, location: 2F
0-2: Ball
1-2: Ball
2-2: Strikes out looking
Bottom of the 8th over - 0 runs, 0 hits, 0 errors, 0 left on base; San Francisco 7 - St. Louis 2
TOP OF THE 9TH
San Francisco Giants batting - Pitching for St. Louis Cardinals : RHP Erick Fedde
Batting: LHB Kyle Schwarber 0-0: Ball
1-0: Ball
2-0: Called Strike
2-1: Foul Ball, location: 2F
2-2: Ball
3-2: Foul Ball, location: 2F
3-2: Base on Balls
Pitching: RHP Cory Gearrin
Batting: LHB Anthony Rizzo 0-0: Called Strike
0-1: SINGLE (Line Drive, 9LM, EV 108.1 MPH)
Kyle Schwarber to second
Batting: LHB Kyle Seager 0-0: Ball
1-0: Ball
2-0: Ball
3-0: Swinging Strike
3-1: Base on Balls
Kyle Schwarber to third
Anthony Rizzo to second
Pinch Hitting: LHB Daniel Palka 0-0: Called Strike
0-1: Called Strike
0-2: SINGLE (Groundball, 34D, EV 93.8 MPH)
Kyle Schwarber scores
Anthony Rizzo to third
Kyle Seager to second
Batting: LHB Carlos Gonzalez 0-0: Ball
1-0: Called Strike
1-1: Called Strike
1-2: Ball
2-2: Fielders Choice at 2nd, 4-6 (Groundball, 4, EV 86.3 MPH)
Anthony Rizzo scores
Kyle Seager to third
Batting: RHB Yairo Munoz 0-0: Called Strike
0-1: Foul Ball, location: 2F
0-2: Ball
1-2: Strikes out looking
Pitching: RHP Zack Littell
Batting: RHB Jose Iglesias 0-0: Called Strike
0-1: Ball
1-1: Called Strike
1-2: SINGLE (Line Drive, 89S, EV 107.5 MPH)
Kyle Seager scores
Carlos Gonzalez to second
Batting: LHB Tyler Naquin 0-0: Called Strike
0-1: Ball
1-1: Ground out 1-3 (Groundball, 13, EV 71.9 MPH)
Top of the 9th over - 3 runs, 3 hits, 0 errors, 2 left on base; San Francisco 10 - St. Louis 2
BOTTOM OF THE 9TH
St. Louis Cardinals batting - Pitching for San Francisco Giants : LHP Tony Watson
Pitching: RHP Luke Leftwich
Batting: RHB Jose Alberto Martinez 0-0: Ball
1-0: Ball
2-0: Fly out, F3 (Popup, 3SF, EV 65.0 MPH)
Batting: LHB Matt Olson 0-0: Ball
1-0: Foul Ball, location: 2F
1-1: Called Strike
1-2: Foul Ball, location: 2F
1-2: Strikes out swinging
Batting: LHB Alex Avila 0-0: Called Strike
0-1: Ground out 6-3 (Groundball, 4S, EV 75.6 MPH)
Bottom of the 9th over - 0 runs, 0 hits, 0 errors, 0 left on base; San Francisco 10 - St. Louis 2
Monday, December 9th, 2019 - OOTP Baseball 20.8 Build 73